Map: Elite Mercenaries

Players

Ares

  • Race: Terran Terran

Hraeidar

  • Race: Terran Terran

Scvmurderer

  • Race: Terran Terran

Metasapien

  • Race: Terran Terran
  • League: Platinum

goteam

  • Race: Terran Terran

LegitPasta

  • Race: Terran Terran

Enemy

  • Race: Terran Terran

Enemy

  • Race: Protoss Protoss
  • Spawn Location: 3:00

VOD

Have the link to the VOD?

Description

Time

  • Played on: Sept. 23, 2017, 2:44 p.m.
  • Length: 21:55
Show
View Real Time Build Order
Export as new Build Order

Ares Terran 

Build Orders: MMM Bio, Banshee Rush 

Get SALT Encoding   

  1  0:00  Resonating Glaives, Stimpack, Adrenal Overload, Durable Materials, Charge, Centrifical Hooks, Caduceus Reactor, Concussive Shells, Graviton Catapult, Personal Cloaking, Grooved Spines, Ventral Sacs, Extended Thermal Lance, Chitinous Plating, Behemoth Reactor, Cloaking Field, Pathogen Glands, Pneumatized Carapace, Gravitic Drive, Unknown x2, Combat Shields, Psionic Storm, Metabolic Boost, Corvid Reactor, Tunneling Claws, Gravitic Boosters, Glial Reconstitution, Blink, Moebius Reactor  
    0:07  Unknown x18  
    1:28  Unknown x4  
    4:27  Unknown x5  
    5:22  Unknown x2  
    5:48  Unknown x2  
    6:37  Unknown x2  
    7:08  Unknown x2  
    7:10  Liberator  
    7:33  Unknown x2  
    8:11  Liberator  
    9:48  Unknown x2  
  10  12:30  Liberator  
    13:30  Unknown  
  12  15:29  Liberator  
    16:29  Unknown x4  
  33  16:34  Liberator  
    17:34  Unknown x4  
    19:04  Unknown x4  
    21:10  Unknown x12  
    21:33  Unknown x13  
Show
View Real Time Build Order
Export as new Build Order

Hraeidar Terran 

Build Orders:  

Get SALT Encoding   

  1  0:00  Orbital Command, SCV x6  
    0:07  Unknown x5  
    0:11  Unknown  
  6  0:50  SCV  
  7  0:57  Supply Depot  
  7  1:02  SCV  
  8  1:14  SCV  
  9  1:26  SCV  
  10  1:36  Engineering Bay  
  10  1:39  Barracks  
  10  1:40  SCV  
  11  1:55  Supply Depot  
  11  2:09  Refinery  
  11  2:10  SCV  
  13  2:22  SCV  
  13  2:34  SCV  
  14  2:50  Refinery  
  14  2:56  SCV  
  18  3:07  Marine  
  18  3:08  SCV  
  17  3:20  SCV  
  17  3:25  Marine  
  19  3:32  SCV  
  20  3:40  Command Center  
  20  3:43  Unknown  
  20  3:44  SCV  
  20  3:45  Marine  
  22  3:52  Barracks  
  22  3:57  SCV  
  22  4:21  Marine, Unknown  
  26  4:35  Factory  
  26  4:39  Marine, Command Center  
  26  4:43  Unknown  
  27  4:48  Factory  
  27  5:10  Barracks Tech Lab  
  27  5:11  Barracks Tech Lab  
  27  5:18  Orbital Command  
  27  5:39  Supply Depot  
  27  5:40  Supply Depot  
  19  6:19  Unknown  
  19  6:32  Factory Tech Lab x2  
  23  6:40  Factory  
  23  6:51  Unknown  
  23  6:52  Unknown  
  23  7:13  Unknown x2  
  19  7:33  Factory Tech Lab  
  19  7:41  Armory  
  19  7:45  Starport  
  19  7:51  Ghost Academy  
  19  7:52  Marine  
  19  7:53  Marine  
  25  8:10  Marine x2  
  27  8:23  Starport Tech Lab  
  27  8:24  Unknown x2  
  27  8:28  Marine x2  
  29  8:46  Marine x2  
  31  9:04  Marine x2  
  27  9:55  SCV  
  27  9:59  Unknown x3  
  34  10:07  SCV  
  35  10:19  SCV  
  36  10:27  Command Center, Unknown x3  
  36  10:31  SCV, Unknown  
  36  10:32  Command Center  
  37  10:35  Unknown  
  37  11:15  Thor  
  37  11:16  Thor  
  43  11:25  Supply Depot  
  43  11:26  Supply Depot  
  35  11:48  Drilling Claws  
  35  11:49  Drilling Claws  
  35  11:50  Drilling Claws  
  35  11:52  Drilling Claws  
  35  11:58  Thor x2  
  40  12:10  Unknown  
  40  12:27  Factory  
  40  12:33  Unknown  
  40  12:43  Drilling Claws  
  40  12:44  Drilling Claws  
  40  13:11  Unknown  
  40  13:12  Unknown  
  40  13:26  Thor x3  
  40  13:45  Factory Tech Lab  
  40  13:57  SCV  
  41  14:09  SCV  
  42  14:21  SCV  
  43  14:29  Drilling Claws  
  43  15:11  Command Center  
  43  15:15  Unknown  
  43  15:17  Command Center  
  43  15:20  Unknown  
  31  15:29  Marine x2  
  27  15:47  Marine x2  
  29  16:05  Marine x2  
  31  16:23  Marine x2  
  33  16:32  Nuke  
  33  16:40  Marine  
  33  16:41  Marine  
  47  17:02  Unknown x2  
  47  17:06  Hi-Sec Auto Tracking  
  47  17:17  Combat Shields  
  47  17:20  Unknown  
  47  18:14  Planetary Fortress  
  47  18:17  Unknown  
  47  18:41  Unknown  
  47  18:42  Unknown  
  47  19:08  Drilling Claws  
  47  19:09  Drilling Claws  
  47  19:20  Nuke  
  47  19:23  Personal Cloaking  
  47  19:43  Stimpack  
  47  19:44  Concussive Shells  
  47  19:54  Drilling Claws  
  53  20:46  Unknown x3  
  59  21:14  Unknown  
  59  21:15  Unknown x2  
  60  21:43  Unknown x3  
Show
View Real Time Build Order
Export as new Build Order

Scvmurderer Terran 

Build Orders: MMM Bio, Banshee Rush 

Get SALT Encoding   

  1  0:00  Resonating Glaives, Stimpack, Adrenal Overload, Durable Materials, Charge, Centrifical Hooks, Caduceus Reactor, Concussive Shells, Graviton Catapult, Personal Cloaking, Grooved Spines, Ventral Sacs, Extended Thermal Lance, Chitinous Plating, Behemoth Reactor, Cloaking Field, Pathogen Glands, Pneumatized Carapace, Gravitic Drive, Unknown x2, Combat Shields, Psionic Storm, Metabolic Boost, Corvid Reactor, Tunneling Claws, Gravitic Boosters, Glial Reconstitution, Blink, Moebius Reactor  
    0:07  Unknown x18  
    0:45  Unknown  
  9  4:51  Terran Ship Weapons Level 1  
  9  4:52  Terran Ship Weapons Level 1, Terran Ship Armor Level 1  
  9  5:26  Terran Ship Weapons Level 1  
  9  8:05  Terran Ship Weapons Level 1  
  9  11:27  Terran Ship Weapons Level 1  
  9  12:50  Terran Ship Weapons Level 1  
    19:23  Unknown x5  
    20:43  Unknown x6  
    21:17  Unknown x6  
Show
View Real Time Build Order
Export as new Build Order

Metasapien Terran 

Build Orders: MMM Bio, Banshee Rush 

Get SALT Encoding   

  1  0:00  Resonating Glaives, Stimpack, Adrenal Overload, Durable Materials, Charge, Centrifical Hooks, Caduceus Reactor, Concussive Shells, Graviton Catapult, Personal Cloaking, Grooved Spines, Ventral Sacs, Extended Thermal Lance, Chitinous Plating, Behemoth Reactor, Cloaking Field, Pathogen Glands, Pneumatized Carapace, Gravitic Drive, Unknown x2, Combat Shields, Psionic Storm, Metabolic Boost, Corvid Reactor, Tunneling Claws, Gravitic Boosters, Glial Reconstitution, Blink, Moebius Reactor  
    0:07  Unknown x18  
    0:58  Unknown x10  
    0:59  Unknown x6  
    1:02  Unknown x2  
    1:03  Unknown x4  
    1:04  Unknown x2  
  14  1:05  Unknown  
  14  1:06  Unknown x3  
  14  1:07  Unknown x3  
  14  1:08  Unknown x5  
  14  1:10  Unknown x4  
  14  1:12  Unknown x4  
  14  1:13  Unknown x2  
  14  1:17  Unknown x7  
  14  1:19  Unknown  
  14  1:28  Unknown x6  
  14  1:29  Unknown x2  
  14  1:30  Unknown x4  
  14  1:31  Unknown  
  12  1:36  Unknown x3  
  12  1:37  Unknown x2  
  12  1:38  Unknown x3  
    2:12  Unknown x3  
  14  2:15  Unknown  
  14  2:18  Unknown  
  14  2:29  Unknown  
  14  2:35  Unknown  
  14  2:36  Unknown  
  14  2:39  Unknown  
  14  2:40  Unknown  
  14  2:44  Unknown  
  14  2:45  Unknown  
  14  3:14  Unknown  
    5:35  Unknown x5  
    6:55  Unknown x5  
    6:56  Unknown x2  
    7:48  Unknown x4  
    8:09  Unknown x12  
    8:10  Unknown x4  
    8:11  Unknown  
  24  8:13  Unknown  
    8:57  Unknown x3  
    13:21  Unknown x3  
    13:52  Unknown x3  
    14:24  Unknown x5  
    15:42  Unknown x5  
    16:28  Unknown x6  
    17:45  Unknown x6  
    19:14  Unknown x6  
    20:16  Unknown x2  
    20:48  Unknown x3  
    21:21  Unknown x7  
    21:52  Unknown x5  
Show
View Real Time Build Order
Export as new Build Order

goteam Terran 

Build Orders: MMM Bio, Banshee Rush 

Get SALT Encoding   

  1  0:00  Resonating Glaives, Stimpack, Adrenal Overload, Durable Materials, Charge, Centrifical Hooks, Caduceus Reactor, Concussive Shells, Graviton Catapult, Personal Cloaking, Grooved Spines, Ventral Sacs, Extended Thermal Lance, Chitinous Plating, Behemoth Reactor, Cloaking Field, Pathogen Glands, Pneumatized Carapace, Gravitic Drive, Unknown x2, Combat Shields, Psionic Storm, Metabolic Boost, Corvid Reactor, Tunneling Claws, Gravitic Boosters, Glial Reconstitution, Blink, Moebius Reactor  
    0:07  Unknown x18  
    0:26  Unknown x2  
    5:15  Unknown  
    6:40  Unknown  
    9:35  Unknown x4  
    12:38  Unknown x5  
    19:29  Unknown x3  
Show
View Real Time Build Order
Export as new Build Order

LegitPasta Terran 

Build Orders: MMM Bio, Banshee Rush 

Get SALT Encoding   

  1  0:00  Resonating Glaives, Stimpack, Adrenal Overload, Durable Materials, Charge, Centrifical Hooks, Caduceus Reactor, Concussive Shells, Graviton Catapult, Personal Cloaking, Grooved Spines, Ventral Sacs, Extended Thermal Lance, Chitinous Plating, Behemoth Reactor, Cloaking Field, Pathogen Glands, Pneumatized Carapace, Gravitic Drive, Unknown x2, Combat Shields, Psionic Storm, Metabolic Boost, Corvid Reactor, Tunneling Claws, Gravitic Boosters, Glial Reconstitution, Blink, Moebius Reactor  
    0:07  Unknown x18  
    0:51  Unknown x2  
    2:14  Unknown x2  
    5:04  Unknown x4  
    7:00  Unknown x2  
    7:22  Unknown x2  
    7:45  Unknown x2  
    8:09  Unknown  
    14:27  Unknown x2  
    21:29  Unknown x6  
Show
View Real Time Build Order
Export as new Build Order

Enemy Terran 

Build Orders:  

Get SALT Encoding   

    10:53  Unknown  
  2  11:21  Unknown  
  2  11:22  Unknown  
  2  11:23  Unknown x2  
  2  11:24  Unknown  
  2  11:25  Unknown x2  
  32  11:26  Unknown  
  32  11:30  Unknown  
  32  11:31  Unknown  
  32  11:32  Unknown  
  57  11:33  Unknown x2  
  57  11:34  Unknown  
  57  11:35  Unknown x2  
  57  11:39  Unknown  
  87  11:40  Unknown  
  87  11:41  Unknown x2  
  87  11:42  Unknown  
  87  11:43  Unknown x2  
  87  11:44  Unknown  
  122  11:48  Unknown  
  122  11:49  Unknown x2  
  122  11:50  Unknown  
  122  11:51  Unknown  
  122  11:52  Unknown x2  
  122  11:53  Unknown  
  162  11:57  Unknown  
  162  11:58  Unknown  
  162  11:59  Unknown x2  
  162  12:00  Unknown  
  162  12:01  Unknown x2  
  7  12:02  Unknown  
  7  12:06  Unknown  
  7  12:07  Unknown x2  
  2  12:08  Unknown  
  2  12:09  Unknown  
  2  12:10  Unknown x2  
  2  12:11  Unknown  
    18:02  Unknown  
    18:04  Phoenix x2  
    18:23  Phoenix x2  
    18:29  Phoenix x2  
  4  18:53  Phoenix x2  
  4  18:59  Phoenix x2  
  4  19:05  Phoenix x2  
  4  19:15  Phoenix x2  
  4  19:21  Phoenix x2  
  10  19:35  Phoenix x2  
  6  19:50  Phoenix x2  
  4  20:03  Phoenix x2  
  8  20:13  Phoenix x2  
  12  20:21  Phoenix x2  
Show
View Real Time Build Order
Export as new Build Order

Enemy Protoss 

Build Orders:  

Get SALT Encoding   

  4235  0:02  Unknown x8  
  4235  0:03  Unknown x5  
  4235  0:24  Zealot x6  
  4245  1:07  Zealot x6  
  4242  1:50  Zealot x6  
  4215  2:33  Zealot x6  
  4219  3:15  Zealot x6  
  4195  3:51  Slayer x6  
  4195  3:54  Adept x2, Zealot x12  
  4195  3:58  Zealot x6  
  4183  4:21  Unknown  
  4248  4:34  Slayer x6  
  4248  4:37  Adept x2, Zealot x12  
  4246  4:41  Zealot x6  
  4226  5:04  Unknown  
  4272  5:17  Slayer x6  
  4272  5:20  Adept x2, Zealot x12  
  4268  5:24  Zealot x6  
  4183  5:47  Unknown  
  4236  6:00  Slayer x6  
  4236  6:03  Adept x2, Zealot x12  
  4236  6:07  Zealot x6  
  4226  6:30  Unknown  
  4282  6:42  Slayer x6  
  4282  6:45  Adept x2, Zealot x12  
  4280  6:50  Zealot x6  
  4264  7:11  Void Ray x2  
  4264  7:12  Unknown  
  4319  7:25  Slayer x6  
  4319  7:28  Adept x2, Zealot x12  
  4311  7:33  Zealot x6  
  4292  7:54  Void Ray x2  
  4292  7:55  Unknown  
  4346  8:08  Slayer x6  
  4346  8:11  Adept x2, Zealot x12  
  4332  8:15  Zealot x6  
  4289  8:37  Void Ray x2  
  4289  8:38  Unknown  
  4296  8:51  Slayer x6  
  4296  8:54  Adept x2, Zealot x12  
  4278  8:58  Zealot x6  
  4226  9:19  Void Ray x2  
  4226  9:21  Unknown  
  4260  9:34  Slayer x6  
  4260  9:37  Adept x2, Zealot x12  
  4248  9:41  Zealot x6  
  4221  10:02  Void Ray x2  
  4221  10:04  Unknown  
  4256  10:17  Slayer x6  
  4256  10:20  Adept x2, Zealot x12  
  4244  10:24  Zealot x6  
  4185  10:45  Void Ray x2  
  4185  10:47  Unknown  
  4254  11:00  Slayer x6  
  4254  11:03  Adept x2, Zealot x12  
  4236  11:07  Zealot x6  
  4209  11:28  Void Ray x2  
  4209  11:30  Unknown  
  4209  11:31  Unknown x3  
  4286  11:42  Slayer x6  
  4286  11:45  Adept x2, Zealot x12  
  4282  11:50  Zealot x6  
  4183  12:08  Unknown x2  
  4183  12:11  Void Ray x2  
  4183  12:12  Unknown  
  4183  12:14  Unknown x3  
  4272  12:25  Slayer x6  
  4272  12:28  Adept x2, Zealot x12  
  4264  12:33  Zealot x6  
  4231  12:51  Unknown x2  
  4231  12:54  Void Ray x2  
  4231  12:55  Unknown  
  4231  12:57  Unknown x3  
  4312  13:08  Slayer x6  
  4312  13:11  Adept x2, Zealot x12  
  4300  13:15  Zealot x6  
  4211  13:34  Unknown x2  
  4211  13:37  Void Ray x2  
  4211  13:38  Unknown  
  4211  13:40  Unknown x3  
  4316  13:51  Slayer x6  
  4316  13:54  Adept x2, Zealot x12  
  4286  13:58  Zealot x6  
  4213  14:17  Unknown x2  
  4213  14:19  Void Ray x2  
  4213  14:21  Unknown  
  4213  14:22  Unknown x3  
  4213  14:24  Tempest x2  
  4292  14:34  Slayer x6  
  4292  14:37  Adept x2, Zealot x12  
  4272  14:41  Zealot x6  
  4199  15:00  Unknown x2  
  4199  15:02  Void Ray x2  
  4199  15:04  Unknown  
  4199  15:05  Unknown x3  
  4199  15:07  Tempest x2  
  4300  15:17  Slayer x6  
  4300  15:20  Adept x2, Zealot x12  
  4280  15:24  Zealot x6  
  4221  15:42  Unknown x2  
  4221  15:45  Void Ray x2  
  4221  15:47  Unknown  
  4221  15:48  Unknown x3  
  4221  15:49  Tempest x2  
  4306  16:00  Slayer x6  
  4306  16:03  Adept x2, Zealot x12  
  4272  16:07  Zealot x6  
  4233  16:25  Unknown x2  
  4233  16:28  Void Ray x2  
  4233  16:30  Unknown  
  4233  16:31  Unknown x3  
  4233  16:32  Tempest x2  
  4302  16:42  Slayer x6  
  4302  16:45  Adept x2, Zealot x12  
  4262  16:50  Zealot x6  
  4207  17:08  Unknown x2  
  4207  17:11  Void Ray x2  
  4207  17:12  Unknown  
  4207  17:14  Unknown x3  
  4207  17:15  Tempest x2  
  4320  17:25  Slayer x6  
  4320  17:28  Adept x2, Zealot x12  
  4262  17:41  Colossus  
  4203  17:51  Unknown x2  
  4203  17:54  Void Ray x2  
  4203  17:55  Unknown  
  4203  17:57  Unknown x3  
  4203  17:58  Tempest x2  
  4286  18:08  Slayer x6  
  4286  18:11  Adept x2, Zealot x12  
  4244  18:24  Colossus  
  4175  18:34  Unknown x2  
  4175  18:35  Unknown  
  4175  18:37  Void Ray x2  
  4175  18:38  Unknown  
  4175  18:40  Unknown x3  
  4175  18:41  Tempest x2  
  4282  18:51  Slayer x6  
  4282  18:54  Adept x2, Zealot x12  
  4248  19:07  Colossus  
  4235  19:17  Unknown x2  
  4235  19:18  Unknown  
  4235  19:19  Void Ray x2  
  4235  19:21  Unknown  
  4235  19:22  Unknown x3  
  4235  19:24  Tempest x2  
  4326  19:34  Slayer x6  
  4326  19:37  Adept x2, Zealot x12  
  4278  19:50  Colossus  
  4262  20:00  Unknown x2  
  4262  20:01  Unknown  
  4262  20:02  Void Ray x2  
  4262  20:04  Unknown  
  4262  20:05  Unknown x3  
  4262  20:07  Tempest x2  
  4384  20:17  Slayer x6  
  4384  20:20  Adept x2, Zealot x12  
  4354  20:33  Colossus  
  4343  20:42  Unknown x2  
  4343  20:44  Unknown  
  4343  20:45  Void Ray x2  
  4343  20:47  Unknown  
  4343  20:48  Unknown x3  
  4343  20:49  Tempest x2  
  4442  21:00  Slayer x6  
  4442  21:03  Adept x2, Zealot x12  
  4426  21:25  Unknown x2  
  4426  21:27  Unknown  
  4426  21:30  Unknown  
  4426  21:31  Unknown x3  
Tags
 
Add a new tag
Caveats
  • Supply blocks, unpowered buildings, or Contaminate may cause inaccurate times.
  • Supply counts are checked every 10 seconds.